 Dungeon Crawl Stone Soup version 0.25.0-26-g0c896c7088 (webtiles) character file.

Game seed: 15614624625151002350

437 Gwenloh the Grasshopper (level 7, 0/45 HPs)
             Began as a Halfling Warper on July 4, 2020.
             Was an Initiate of Fedhas.
             Killed from afar by an orc wizard (8 damage)
             ... with a puff of frost
             ... on level 5 of the Dungeon.
             The game lasted 00:26:48 (7179 turns).

Gwenloh the Grasshopper (Halfling Warper)           Turns: 7179, Time: 00:26:49

Health: 0/45       AC:  5    Str: 12    XL:     7   Next: 21%
Magic:  8/9        EV: 15    Int: 13    God:    Fedhas [......]
Gold:   204        SH:  0    Dex: 14    Spells: 5/9 levels left

rFire    . . .     SeeInvis .   a - +0 short sword
rCold    . . .     Gourm    .   (shield restricted)
rNeg     . . .     Faith    .   J - +0 leather armour
rPois    .         Spirit   .   (no helmet)
rElec    .         Reflect  .   k - +0 cloak
rCorr    .         Harm     .   u - +0 pair of gloves
MR       .....                  (no boots)
Stlth    +.........             (no amulet)
HPRegen  0.15/turn              (no ring)
MPRegen  0.11/turn              (no ring)

@: no status effects
A: small, mutation resistance 1
a: Renounce Religion


You were on level 5 of the Dungeon.
You worshipped Fedhas.
Fedhas was noncommittal.
You were not hungry.

You visited 1 branch of the dungeon, and saw 6 of its levels.

You collected 204 gold pieces.

Inventory:

Hand Weapons
 a - a +0 short sword (weapon)
 b - a +0 hunting sling
 i - a +0 dagger
Missiles
 e - 4 boomerangs of dispersal
 g - 207 stones
 j - 22 poisoned darts
 n - 22 sling bullets
 y - 5 boomerangs
 F - 2 curare-tipped darts (quivered)
Armour
 k - a +0 cloak (worn)
 u - a +0 pair of gloves (worn)
 x - a +0 robe
 J - a +0 leather armour (worn)
 K - a +0 hat
Jewellery
 l - an uncursed amulet of the acrobat
 z - an uncursed ring of wizardry {unknown}
 A - an uncursed ring of poison resistance {unknown}
Scrolls
 d - a scroll of blinking
 h - a scroll of enchant armour {unknown}
 m - 4 scrolls of remove curse
 q - a scroll of random uselessness {unknown}
 r - 2 scrolls of amnesia {unknown}
 t - 4 scrolls of identify {unknown}
 w - 4 scrolls of teleportation {unknown}
 B - a scroll of immolation {unknown}
 C - 3 scrolls of fog
 H - 2 scrolls of fear {unknown}
Potions
 c - a potion of ambrosia {unknown}
 o - a potion of flight {unknown}
 p - 2 potions of curing {unknown}
 s - a potion of lignification {unknown}
 v - 2 potions of heal wounds {unknown}
 D - 2 potions of mutation {unknown}
 E - 2 potions of brilliance {unknown}
 G - a potion of berserk rage {unknown}
 I - a potion of might {unknown}
Comestibles
 f - 10 rations


   Skills:
 - Level 2.9 Fighting
 - Level 3.9 Short Blades
 * Level 1.2(2.8) Slings
 - Level 2.6(2.7) Throwing
 + Level 3.0 Armour
 + Level 3.5 Dodging
 - Level 1.5 Spellcasting
 - Level 2.4 Charms
 + Level 4.1 Translocations


You had 5 spell levels left.
You knew the following spells:

 Your Spells              Type           Power        Failure   Level  Hunger
a - Blink                 Tloc           N/A          10%         2    ###....
b - Shroud of Golubria    Chrm/Tloc      #.....       13%         2    ###....

Your spell library contained the following spells:

 Spells                   Type           Power        Failure   Level  Hunger
 Gell's Gravitas          Tloc           ##........   19%         3    ####...
 Lesser Beckoning         Tloc           ##........   19%         3    ####...
 Teleport Other           Tloc           ##......     19%         3    ####...
 Passage of Golubria      Tloc           N/A          52%         4    #####..


Dungeon Overview and Level Annotations

Branches:
Dungeon (6/15)
 Temple: D:4-7

Altars:
Fedhas
Kikubaaqudgha
Nemelex Xobeh
Okawaru
Qazlal
Ru

Annotations:
D:3 3 runed translucent doors, Sassenached's ghost, amateur DsWn


Innate Abilities, Weirdness & Mutations

You are small and have problems with some larger weapons.
You are somewhat resistant to further mutation.


Message History

The orc completely misses you. The iguana bites you!
Your shroud bends the orc's attack away.
The iguana closely misses you. The orc wizard misses you.
You climb upwards.
Your shroud begins to fray at the edges.
Your shroud bends the ice beast's attack away.
The ice beast hits you. The ice beast freezes you!
* * * LOW HITPOINT WARNING * * *
Your shroud falls apart!
There is a stone staircase leading down here.
The orc wizard closely misses you.
The orc wizard miscasts a cantrip.
The orc wizard misses you.
The orc wizard hits you with a +0 dagger.
* * * LOW HITPOINT WARNING * * *
The orc wizard miscasts a cantrip.
The orc wizard casts a spell at you. The puff of frost hits you!
You die...
Fedhas appreciates your contribution to the ecosystem.

...#.#.#.# #######
...#.###.## ###..##.#
.......#..####.......##
.###.......##.........##
###.....#...#.....##...#
####...###.......##....##
..#....#................#
..##....#...###.<...##..#
........#...###.@.......#
..#..........##.....#...#
..#.##.......#..o#.##..##
...###..........ol.##..####
#.###....<......Y.####....#
#.####.#...........#......#
...#...............##....##
......Y#................##
)......##.#......#.#...##


You could see an ice beast, an iguana, an orc wizard (fast) and an orc.

Vanquished Creatures
  A phantom (D:4)
  A crimson imp (D:5)
  An orc priest (D:4)
  Jessica (D:2)
  A worker ant (D:5)
  A hound zombie (D:5)
  5 gnolls
  3 adders
  A shadow imp (D:5)
  2 oozes (D:2)
  An adder skeleton (D:4)
  4 worms
  A dart slug (D:1)
  3 leopard geckos
  11 orcs
  3 ball pythons
  2 bat zombies (D:4)
  8 giant cockroaches
  6 goblins
  13 hobgoblins
  4 jackals (D:1)
  11 kobolds
  7 bats
  A frilled lizard (D:1)
  10 rats
  2 rat zombies (D:4)
104 creatures vanquished.

Notes
Turn   | Place    | Note
-------+----------+-------------------------------------------
     0 | D:1      | Gwenloh the Halfling Warper began the quest for the Orb.
     0 | D:1      | Reached XP level 1. HP: 14/14 MP: 3/3
   375 | D:1      | Reached XP level 2. HP: 19/19 MP: 4/4
   478 | D:1      | Learned a level 2 spell: Blink
   481 | D:1      | Learned a level 2 spell: Shroud of Golubria
   774 | D:1      | Reached XP level 3. HP: 24/24 MP: 5/5
  1226 | D:1      | Reached XP level 4. HP: 29/29 MP: 6/6
  1329 | D:1      | Reached skill level 1 in Charms
  1649 | D:2      | Found a stormy altar of Qazlal.
  1945 | D:2      | Found a sacrificial altar of Ru.
  2404 | D:2      | Noticed Jessica
  2413 | D:2      | Killed Jessica
  2413 | D:2      | Reached XP level 5. HP: 24/35 MP: 7/7
  2414 | D:2      | Found an iron altar of Okawaru.
  3820 | D:3      | Reached XP level 6. HP: 5/41 MP: 5/8
  4120 | D:3      | Found a sparkling altar of Nemelex Xobeh.
  4241 | D:3      | Found a runed translucent gate.
  4241 | D:3      | Found a runed translucent gate.
  4241 | D:3      | Found a runed translucent gate.
  4242 | D:3      | Noticed Sassenached's ghost (amateur DsWn)
  4517 | D:4      | Found an ancient bone altar of Kikubaaqudgha.
  4890 | D:4      | Noticed a phantom
  4910 | D:4      | Killed a phantom
  4910 | D:4      | Reached skill level 4 in Translocations
  5402 | D:5      | Entered Level 5 of the Dungeon
  5633 | D:5      | Reached XP level 7. HP: 32/45 MP: 9/9
  5873 | D:5      | Found a blossoming altar of Fedhas.
  5929 | D:5      | Found a sparkling altar of Nemelex Xobeh.
  6014 | D:5      | Became a worshipper of Fedhas Madash
  6269 | D:5      | Reached skill level 1 in Slings
  7179 | D:5      | Killed from afar by an orc wizard

Illustrated notes

Levels and vault maps discovered:
D:1:      minmay_arrival_cross, layout_basic, minmay_hexomino_u4
D:2:      layout_rooms, grunt_qazlal_sundering, nicolae_ru_sacrificial_ziggurat,
          serial_bayou, serial_bayou_pond_c, serial_bayou_pond_b,
          serial_bayou_lake_a, serial_bayou_crossing, first_ration,
          okawaru_gym_becter, uniq_jessica
D:3:      layout_loops_ring, gammafunk_ghost_nasty_kobolds,
          nemelex_diamond_rough_becter
D:4:      layout_loops_ring, lemuel_zombie_altar_kikubaaqudgha,
          kennysheep_pointless_box, hangedman_decor_opposing
D:5:      layout_cave_pools, old_standard_altar, kennysheep_mini_moat,
          kennysheep_generic_room_9
D:6:      cheibrodos_quashed, layout_rooms, minitemple,
          hangedman_abyss_or_decor_stagger, uniq_pikel, uniq_maggie

Skill      XL: |  1  2  3  4  5  6  7 |
---------------+----------------------+-----
Fighting       | 2 |  2.9
Charms         | 1 2 |  2.4
Short Blades   | 3 |  3.9
Armour         | 2 3 |  3.0
Dodging        | 3 |  3.5
Throwing       | 2 |  2.6
Translocations | 4 |  4.1
Slings         | 1 |  1.2
Spellcasting   | |  1.5

Action                   |  1- 3 |  4- 6 |  7- 9 || total
-------------------------+-------+-------+-------++-------
Melee: Short sword       |    64 |   376 |    57 ||   497
 Fire: Hunting sling     |       |       |    48 ||    48
Throw: Stone             |    26 |       |       ||    26
       Boomerang         |     1 |    32 |     3 ||    36
       Dart              |    34 |   139 |       ||   173
 Cast: Shroud of Golubri |       |     5 |     2 ||     7
       Blink             |       |       |     7 ||     7
  Use: Scroll            |       |     2 |       ||     2
  Eat: Chunk             |     1 |    11 |     3 ||    15
       Ration            |       |     1 |     1 ||     2
Armor: Leather armour    |    14 |    93 |     9 ||   116
Dodge: Dodged            |    46 |   248 |    48 ||   342
